Map: [ESL] Data-C

Players

LiquidClem (Clem) - Winner!

  • Race: Terran Terran
  • Spawn Location: 9:00

Astrea

  • Race: Protoss Protoss
  • League: Master
  • Spawn Location: 3:00

Event: HomeStory Cup XXI

VOD

Have the link to the VOD?

Description

Time

  • Played on: July 24, 2022, 2:20 p.m.
  • Length: 12:26

All games in this series

Show
View Real Time Build Order
Export as new Build Order

LiquidClem Terran - Winner!

Build Orders: Reaper Expand 

Get SALT Encoding   

  12  0:00  SCV  
  13  0:12  SCV  
  14  0:17  Supply Depot  
  14  0:24  SCV  
  15  0:38  SCV  
  15  0:40  Barracks  
  16  0:43  Refinery  
  16  0:50  SCV  
  17  1:02  SCV  
  18  1:15  SCV  
  19  1:27  Orbital Command, Reaper  
  20  1:42  Command Center  
  20  1:49  Supply Depot  
  20  1:53  SCV  
  21  2:00  Marine  
  22  2:03  Bunker  
  22  2:07  SCV  
  23  2:17  Factory  
  23  2:21  Barracks Reactor  
  24  2:22  SCV  
  24  2:29  Refinery  
  24  2:35  SCV  
  25  2:48  SCV  
  26  3:04  Orbital Command, SCV  
  26  3:05  Starport  
  26  3:08  Hellion x2  
  30  3:16  SCV  
  31  3:24  Barracks Tech Lab, Supply Depot  
  30  3:28  SCV  
  30  3:29  Widow Mine  
  30  3:30  SCV, Widow Mine  
  36  3:40  SCV  
  37  3:42  SCV  
  37  3:44  Medivac  
  37  3:46  Supply Depot  
  40  3:51  Widow Mine x2  
  40  3:52  SCV  
  40  3:53  Marine  
  40  3:54  SCV  
  47  4:00  Barracks  
  47  4:04  SCV  
  47  4:06  SCV  
  49  4:12  Widow Mine x2  
  49  4:13  Medivac  
  49  4:16  SCV  
  56  4:18  SCV  
  56  4:19  Supply Depot  
  56  4:22  Marine  
  56  4:23  Barracks  
  58  4:28  SCV  
  58  4:30  Refinery, SCV  
  60  4:33  Engineering Bay  
  60  4:40  SCV  
  60  4:41  Stimpack  
  60  4:43  SCV  
  62  4:46  Starport Tech Lab  
  62  4:51  Factory Reactor  
  63  4:53  SCV  
  63  4:55  SCV  
  65  5:01  Refinery  
  65  5:02  Marine  
  65  5:04  Terran Infantry Weapons Level 1  
  65  5:05  SCV  
  65  5:07  SCV  
  65  5:09  Supply Depot  
  65  5:10  Supply Depot  
  65  5:11  Starport Reactor, Marine x2  
  67  5:16  Supply Depot  
  67  5:17  SCV  
  67  5:19  SCV  
  67  5:20  Marine  
  70  5:21  Combat Shield  
  70  5:30  SCV, Marauder  
  70  5:31  Marine x2  
  75  5:37  SCV  
  75  5:41  Marauder  
  74  5:48  Medivac x2  
  74  5:49  Command Center  
  74  5:52  Marauder, Widow Mine  
  74  5:53  Widow Mine  
  74  5:56  Marine x2  
  80  5:59  SCV x2  
  80  6:05  Supply Depot  
  80  6:06  Marauder  
  78  6:13  Marauder  
  78  6:14  Barracks  
  78  6:15  Barracks  
  78  6:16  Marine  
  78  6:17  Marine  
  82  6:20  Supply Depot  
  82  6:22  SCV  
  82  6:23  SCV  
  84  6:29  Widow Mine x2  
  84  6:32  Medivac  
  89  6:34  Medivac  
  89  6:35  Marine x2  
  89  6:38  Marauder  
  89  6:39  SCV  
  94  6:43  Supply Depot  
  94  6:44  Concussive Shells  
  96  6:47  Marauder  
  96  6:53  Marine  
  94  6:57  Widow Mine x2  
  94  6:58  SCV  
  94  6:59  Marauder  
  94  7:01  SCV  
  102  7:04  Barracks Tech Lab, Barracks Reactor, Marine  
  106  7:08  Marauder  
  106  7:09  Orbital Command  
  106  7:13  Terran Infantry Armor Level 1  
  105  7:15  Marine  
  105  7:16  SCV  
  105  7:20  Marine  
  105  7:21  SCV  
  109  7:26  Widow Mine  
  109  7:27  Widow Mine  
  109  7:29  SCV  
  116  7:30  Marauder  
  116  7:31  Supply Depot  
  116  7:33  SCV  
  116  7:34  Medivac x2  
  116  7:36  Marine x2  
  123  7:38  SCV  
  123  7:40  Marine  
  123  7:41  SCV, Marine  
  123  7:44  Marauder  
  129  7:47  Marauder  
  129  7:50  Widow Mine  
  129  7:51  SCV  
  133  7:52  Widow Mine  
  133  7:54  Marauder  
  133  7:55  Supply Depot  
  133  7:57  SCV  
  136  7:59  SCV  
  136  8:03  SCV  
  136  8:04  Refinery  
  136  8:05  Marauder  
  140  8:08  Command Center  
  140  8:17  Viking x2  
  140  8:18  Supply Depot, Marauder  
  146  8:21  Refinery, Marauder  
  146  8:26  Armory  
  148  8:27  Engineering Bay, SCV  
  148  8:32  SCV  
  148  8:33  Missile Turret  
  148  8:35  Marine  
  148  8:39  Marine x2  
  148  8:40  Marauder x2  
  155  8:42  Widow Mine  
  157  8:51  Ghost Academy, Supply Depot  
  157  8:53  Marauder  
  157  9:01  Supply Depot  
  157  9:11  Supply Depot  
  157  9:12  Viking x2, Marine x2  
  157  9:13  Marauder  
  157  9:14  Terran Infantry Armor Level 2, Terran Infantry Weapons Level 2  
  157  9:16  Terran Ship Weapons Level 1  
  165  9:20  SCV x3, Marine, Marauder  
  171  9:24  Enhanced Shockwaves  
  171  9:28  Refinery x2  
  171  9:30  Marine  
  170  9:31  Starport  
  170  9:33  Ghost  
  170  9:36  SCV x2  
  174  9:40  Missile Turret  
  174  9:41  Missile Turret  
  174  9:45  Missile Turret, Planetary Fortress  
  174  9:48  SCV  
  174  9:49  SCV  
  174  9:52  Ghost  
  178  9:56  SCV  
  172  10:01  SCV, Marauder  
  172  10:03  Marine  
  172  10:04  SCV  
  171  10:08  SCV  
  171  10:13  SCV  
  172  10:14  Viking  
  172  10:16  SCV  
  172  10:20  SCV  
  172  10:21  Viking  
  175  10:24  Viking  
  175  10:25  SCV  
  175  10:27  SCV  
  178  10:28  SCV  
  178  10:31  Viking  
  178  10:32  SCV  
  180  10:36  Ghost  
  180  10:38  SCV  
  180  10:40  Ghost  
  180  10:41  SCV x2  
  185  10:46  Ghost, Missile Turret  
  185  10:52  SCV  
  185  10:53  SCV  
  185  10:54  SCV  
  186  10:58  SCV  
  186  10:59  Sensor Tower  
  187  11:04  SCV  
  187  11:05  Ghost, SCV  
  187  11:06  Viking x2  
  187  11:09  Viking  
  197  11:12  Medivac  
  198  11:22  Command Center  
  198  11:29  Ghost  
  200  11:35  Barracks x2  
  200  11:37  Barracks  
  200  11:43  Viking  
  200  11:45  Viking  
  198  11:47  Viking  
  200  11:57  Marine  
  200  11:59  Marauder  
  197  12:03  Marine  
  197  12:04  Marine x3  
Show
View Real Time Build Order
Export as new Build Order

Astrea Protoss 

Build Orders: 1 Gate Expand, Phoenix Opening, Blink Stalkers 

Get SALT Encoding   

  12  0:00  Probe  
  13  0:12  Probe  
  14  0:16  Pylon  
  14  0:24  Probe (Chrono Boost)  
  16  0:35  Gateway  
  16  0:36  Probe (Chrono Boost)  
  16  0:42  Probe (Chrono Boost)  
  16  0:45  Assimilator  
  17  0:51  Probe  
  18  1:03  Probe  
  19  1:15  Probe  
  20  1:22  Nexus  
  20  1:33  Cybernetics Core  
  20  1:35  Probe  
  21  1:43  Assimilator  
  21  1:47  Probe  
  21  1:49  Pylon  
  22  1:59  Probe  
  23  2:10  Stalker (Chrono Boost)  
  23  2:11  Probe  
  26  2:16  Warp Gate  
  26  2:23  Probe  
  27  2:32  Stalker (Chrono Boost)  
  27  2:36  Probe  
  29  2:44  Probe  
  29  2:48  Twilight Council  
  30  2:53  Probe  
  30  2:56  Sentry (Chrono Boost)  
  30  2:57  Probe  
  34  3:05  Probe  
  34  3:06  Gateway  
  34  3:09  Probe  
  36  3:17  Probe  
  36  3:19  Blink (Chrono Boost)  
  36  3:21  Probe  
  37  3:30  Probe  
  37  3:33  Probe  
  39  3:37  Phoenix  
  39  3:42  Probe  
  39  3:45  Probe  
  41  3:50  Nexus  
  41  3:54  Probe  
  41  3:57  Probe  
  41  4:01  Pylon  
  42  4:06  Robotics Facility  
  42  4:07  Probe  
  42  4:09  Probe  
  44  4:14  Stalker  
  46  4:19  Stalker, Probe  
  46  4:21  Probe  
  50  4:30  Pylon  
  50  4:31  Probe  
  50  4:34  Probe  
  52  4:38  Assimilator  
  52  4:41  Stalker  
  52  4:42  Assimilator  
  54  4:48  Probe x2  
  54  4:50  Stalker  
  54  5:00  Probe (Chrono Boost)  
  54  5:04  Observer  
  54  5:05  Probe (Chrono Boost)  
  58  5:07  Probe (Chrono Boost)  
  58  5:08  Pylon  
  58  5:09  Robotics Bay  
  58  5:11  Probe (Chrono Boost)  
  60  5:15  Probe (Chrono Boost)  
  60  5:16  Probe x2 (Chrono Boost)  
  60  5:19  Stalker  
  64  5:25  Probe  
  64  5:26  Stalker  
  64  5:27  Probe  
  63  5:30  Probe  
  64  5:37  Probe (Chrono Boost)  
  64  5:40  Probe (Chrono Boost)  
  62  5:43  Probe (Chrono Boost)  
  62  5:51  Probe (Chrono Boost)  
  62  5:55  Probe (Chrono Boost)  
  65  5:57  Probe (Chrono Boost)  
  65  5:58  Probe (Chrono Boost)  
  65  6:02  Colossus (Chrono Boost)  
  65  6:03  Probe  
  64  6:05  Probe  
  64  6:07  Probe  
  69  6:15  Probe, Extended Thermal Lance  
  69  6:17  Probe  
  71  6:18  Pylon  
  71  6:20  Probe  
  71  6:21  Charge (Chrono Boost)  
  72  6:27  Probe  
  72  6:29  Sentry x2, Probe  
  72  6:32  Probe  
  77  6:40  Probe, Shield Battery  
  77  6:41  Pylon, Probe  
  77  6:44  Probe  
  78  6:52  Stalker x2  
  76  6:54  Probe  
  76  6:55  Probe  
  76  6:56  Probe, Colossus (Chrono Boost)  
  85  7:06  Probe  
  85  7:07  Probe  
  87  7:09  Probe  
  84  7:18  Stalker x2  
  84  7:19  Probe x2  
  84  7:21  Probe  
  91  7:25  Observer  
  91  7:26  Forge  
  91  7:28  Shield Battery  
  91  7:31  Probe x2, Gateway  
  91  7:32  Gateway  
  91  7:33  Probe  
  94  7:37  Colossus (Chrono Boost)  
  94  7:43  Pylon, Probe  
  94  7:44  Shield Battery  
  101  7:53  Protoss Ground Weapons Level 1 (Chrono Boost)  
  101  7:55  Pylon  
  101  7:57  Dark Shrine  
  101  7:59  Phoenix  
  101  8:01  Probe, Gateway x2  
  101  8:03  Assimilator x2  
  101  8:04  Stalker  
  101  8:05  Stalker  
  106  8:08  Observer  
  106  8:10  Photon Cannon  
  106  8:13  Photon Cannon  
  106  8:19  Gravitic Drive (Chrono Boost)  
  106  8:24  Gateway  
  106  8:26  Gateway  
  106  8:27  Warp Prism (Chrono Boost)  
  108  8:36  Probe x2  
  108  8:38  Pylon  
  108  8:39  Stalker x2  
  113  8:51  Zealot  
  115  8:59  Forge  
  115  9:02  Stalker x5  
  124  9:06  Pylon x2  
  122  9:19  Pylon  
  122  9:23  Disruptor (Chrono Boost), Robotics Facility  
  122  9:24  Pylon  
  125  9:25  Pylon  
  125  9:30  Photon Cannon  
  125  9:34  Shadow Stride  
  125  9:36  Protoss Ground Armor Level 1 (Chrono Boost), Dark Templar x2  
  125  9:37  Dark Templar  
  131  10:00  Nexus  
  131  10:06  Observer  
  127  10:07  Disruptor  
  127  10:10  Disruptor  
  127  10:12  Stalker x5  
  141  10:15  Pylon  
  141  10:16  Pylon  
  139  10:27  Photon Cannon, Pylon  
  137  10:41  Pylon  
  137  10:43  Disruptor  
  137  10:48  Disruptor  
  141  10:53  Dark Templar  
  141  10:54  Dark Templar  
  145  10:59  Observer, Pylon x2, Probe x3  
  148  11:12  Shield Battery  
  148  11:14  Photon Cannon  
  148  11:20  Disruptor  
  148  11:22  Zealot x2  
  148  11:23  Zealot x3  
  148  11:24  Disruptor  
  164  11:37  Photon Cannon, Zealot x3  
  167  11:56  Zealot x5  
  152  12:09  Zealot x3  
Tags
 
Add a new tag
Caveats
  • Supply blocks, unpowered buildings, or Contaminate may cause inaccurate times.
  • Supply counts are checked every 10 seconds.